 Dungeon Crawl Stone Soup version 0.28-a0-1412-gf95308ed99 (webtiles) character file.

Game seed: 6665424989095984450

5403 kae the Transmogrifier (level 10, 0/81 HPs)
             Began as a Yellow Draconian Transmuter on Jan 6, 2022.
             Succumbed to a kobold brigand's curare-tipped dart
             ... on level 9 of the Dungeon.
             The game lasted 00:08:37 (11210 turns).

kae the Transmogrifier (DrTm)                      Turns: 11210, Time: 00:08:37

Health: 0/81       AC:  7    Str: 19    XL:     10   Next: 40%
Magic:  19/19      EV: 27    Int: 17    God:
Gold:   338        SH:  0    Dex: 12    Spells: 9/22 levels left

rFire   . . .      SeeInvis +     - Unarmed
rCold   . . .      Faith    .   (no shield)
rNeg    . . .      Spirit   .   (armour unavailable)
rPois   .          Reflect  .   (helmet restricted)
rElec   .          Harm     .   (no cloak)
rCorr   +          Rampage  .   (no gloves)
Will    .....                   (no boots)
Stlth   +.........              o - amulet of the acrobat
HPRegen 0.23/turn               d - +6 ring of strength
MPRegen 0.16/turn               p - ring of see invisible

@: lethally poisoned (0 -> -7), short of breath, acrobatic, slowed, very slow
A: spit acid, AC +7, unfitting armour, cold-blooded, acid resistance
a: Breathe Acid


You were on level 9 of the Dungeon.
You visited 2 branches of the dungeon, and saw 10 of its levels.

You collected 986 gold pieces.
You spent 648 gold pieces at shops.

Inventory:

Missiles
 g - 2 throwing nets
Jewellery
 d - a +6 ring of strength (left hand)
 o - an amulet of the acrobat (around neck)
 p - a ring of see invisible (right hand)
 w - a ring of fire
Wands
 c - a wand of acid (4)
 e - a wand of digging (6)
 r - a wand of flame (20)
 t - a wand of iceblast (8)
 x - a wand of paralysis (7)
Scrolls
 b - 4 scrolls of identify
 f - 4 scrolls of teleportation
 j - 2 scrolls of noise
 k - 2 scrolls of enchant weapon
 q - a scroll of fog
Potions
 a - 3 potions of flight
 h - a potion of might
 i - 4 potions of mutation
 l - a potion of curing
 n - a potion of brilliance
 u - a potion of magic
 v - a potion of degeneration


   Skills:
 + Level 5.1 Fighting
 - Level 1.7 Dodging
 * Level 7.5 Unarmed Combat
 + Level 6.5 Spellcasting
 * Level 10.2 Transmutations
 - Level 5.0 Ice Magic
 - Level 1.0 Poison Magic


You had 9 spell levels left.
You knew the following spells:

 Your Spells              Type           Power      Damage    Failure   Level
a - Beastly Appendage     Tmut           80%        N/A       1%          1
b - Spider Form           Tmut/Pois      24%        N/A       3%          3
c - Ice Form              Ice/Tmut       31%        N/A       5%          4
d - Blade Hands           Tmut           20%        N/A       4%          5

Your spell library contained the following spells:

 Spells                   Type           Power      Damage    Failure   Level
 Wereblood                Tmut           40%        N/A       1%          2
 Passwall                 Tmut/Erth      18%        N/A       2%          2
 Animate Skeleton         Necr           10%        N/A       12%         1
 Apportation              Tloc           10%        N/A       12%         1
 Sandblast                Erth           10%        2d5       12%         1
 Slow                     Hex            20%        N/A       12%         1
 Summon Small Mammal      Summ           20%        N/A       12%         1
 Static Discharge         Conj/Air       5%         N/A       19%         2
 Confusing Touch          Hex            5%         N/A       36%         3
 Stone Arrow              Conj/Erth      10%        3d7       36%         3
 Vampiric Draining        Necr           5%         2d6       36%         3
 Lightning Bolt           Conj/Air       2%         1d14      98%         5
 Iron Shot                Conj/Erth      2%         9d2       100%        6
 Maxwell's Capacitive Co  Air            2%         ∞         100%        8
 Animate Armour           Summ/Erth      Unusable   N/A       N/A         4

Dungeon Overview and Level Annotations

Branches:
Dungeon (9/15)             Temple (1/1) D:6
   Lair: D:8-11         Orc: D:9-12

Altars:
Ashenzari
Cheibriados
Dithmenos
Elyvilon
Gozag
Hepliaklqana
Makhleb
Nemelex Xobeh
Qazlal
Sif Muna
Trog
Uskayaw
Vehumet
Wu Jian
Xom
Yredelemnul
Zin
The Shining One

Shops:
D:1 :([(   D:2 (   D:6 [   D:8 (


Innate Abilities, Weirdness & Mutations

You can spit globs of acid.
Your golden yellow scales are hard. (AC +7)
You cannot fit into any form of body armour.
You are cold-blooded and may be slowed by cold attacks.
You are resistant to acid. (rCorr)


Message History

The kobold misses you. The kobold hits you with a +0 club.
* * * LOW HITPOINT WARNING * * *
The kobold hits you but does no damage. x2
You punch the hornet! You punch the hornet.
You kill the hornet!
You feel very sick.
The kobold brigand hits you but does no damage.
The kobold hits you but does no damage. The kobold closely misses you.
The kobold barely misses you. The kobold hits you but does no damage.
The kobold brigand barely misses you.
Okay, then.
You feel much better.
You feel sick. The kobold hits you with a +0 dagger.
The kobold hits you with a +0 club. x2; The kobold barely misses you.
The kobold closely misses you.
The kobold brigand hits you with a +0 short sword.
* * * LOW HITPOINT WARNING * * *
The kobold hits you but does no damage. The kobold misses you.
The kobold hits you but does no damage.
You feel sick.
The kobold throws a poisoned dart.
The poisoned dart completely misses you.
The kobold throws a poisoned dart.
The poisoned dart completely misses you.
The kobold brigand throws a curare-tipped dart.
The curare-tipped dart hits you.
You are lethally poisoned!
You have difficulty breathing.
* * * LOW HITPOINT WARNING * * *
You feel as though you will be slow longer.
The kobold closely misses you.
* * * LOW HITPOINT WARNING * * *
You feel extremely sick.
The kobold throws a poisoned dart.
The poisoned dart closely misses you. The kobold closely misses you.
The kobold completely misses you.
* * * LOW HITPOINT WARNING * * *
You feel very sick. The kobold completely misses you.
The kobold closely misses you. The kobold misses you.
* * * LOW HITPOINT WARNING * * *
You feel very sick.
You die...

...............#..
.........>........
.........).......
.............###.
.........K.....#...
.........KK........
.........KKK.......
..##......##.......
. #..[..@##....###
###.....####.#
#.#..<.# ..#
#.###..# ... #.
#.## .. .. ..# ..#
#... ##..


You could see a kobold brigand and 4 kobolds.

Vanquished Creatures
  2 two-headed ogres
  A hornet (D:9)
  Sigmund (D:2)
  A spriggan (D:7)
  5 yaks
  A steam dragon (D:6)
  3 water moccasins (D:6)
  A sky beast (D:7)
  4 orc warriors
  2 ice beasts (D:6)
  An ogre (D:4)
  A hornet zombie (D:6)
  2 black bears
  A phantom (D:5)
  3 centaurs
  2 kobold brigands
  3 scorpions
  2 bullfrogs
  A wyvern skeleton (D:6)
  A bullfrog zombie (D:5)
  2 centaur zombies
  5 hounds (D:6)
  A centaur skeleton (D:6)
  5 orc priests
  3 iguanas
  An orc wizard (D:8)
  A killer bee zombie (D:6)
  A hound zombie (D:5)
  Robin (D:2)
  3 gnolls (D:3)
  8 adders
  3 white imps
  2 ufetubi
  2 worms
  5 dart slugs
  25 orcs
  7 endoplasms
  4 giant cockroaches
  13 goblins
  5 hobgoblins
  2 jackals (D:1)
  14 kobolds
  6 quokkas
  10 ball pythons
  6 bats
  A frilled lizard (D:2)
  7 rats
181 creatures vanquished.

Vanquished Creatures (others)
  An orc (D:6)
  4 toadstools (D:1)
5 creatures vanquished.

Grand Total: 186 creatures vanquished

Notes
Turn   | Place    | Note
-------+----------+-------------------------------------------
     0 | D:1      | kae the Draconian Transmuter began the quest for the Orb.
     0 | D:1      | Reached XP level 1. HP: 16/16 MP: 3/3
   119 | D:1      | Found Veapuitucw's Antique Weapon Emporium.
   255 | D:1      | Reached XP level 2. HP: 21/23 MP: 3/5
   437 | D:1      | Found Udac's Book Shop.
   699 | D:1      | Found a faded altar of an unknown god.
   717 | D:1      | Reached skill level 3 in Transmutations
   813 | D:1      | Found Qauddos's Antique Armour Emporium.
   944 | D:1      | Found Beojyip's Antique Weapon Boutique.
  1192 | D:1      | Reached XP level 3. HP: 28/28 MP: 6/6
  1196 | D:1      | Learned a level 3 spell: Spider Form
  1923 | D:2      | Noticed Robin
  1934 | D:2      | Reached skill level 1 in Poison Magic
  1940 | D:2      | Killed Robin
  1941 | D:2      | Reached XP level 4. HP: 17/35 MP: 1/8
  2212 | D:2      | Learned a level 4 spell: Ice Form
  2273 | D:2      | Noticed Sigmund
  2286 | D:2      | Killed Sigmund
  2287 | D:2      | Reached skill level 4 in Transmutations
  2287 | D:2      | Reached XP level 5. HP: 19/40 MP: 5/9
  2524 | D:2      | Found Somnemotu's Antique Weapon Shop.
  2797 | D:3      | Reached XP level 6. HP: 30/47 MP: 6/10
  3481 | D:4      | Reached skill level 5 in Transmutations
  3542 | D:4      | Noticed a two-headed ogre
  4777 | D:4      | Your scales start taking on a golden yellow colour.
  4777 | D:4      | Reached XP level 7. HP: 22/52 MP: 3/12
  4777 | D:4      | Gained mutation: You are resistant to acid. (rCorr) [Yellow
                  | Draconian growth]
  5266 | D:5      | Entered Level 5 of the Dungeon
  5785 | D:4      | Killed a two-headed ogre
  5786 | D:4      | Reached skill level 7 in Transmutations
  5786 | D:4      | Reached skill level 5 in Ice Magic
  5786 | D:4      | Reached XP level 8. HP: 59/59 MP: 8/14
  6364 | D:5      | Found a hide-covered altar of Uskayaw.
  7057 | D:6      | Found Diguahell's Antique Armour Shop.
  7462 | D:6      | Found a staircase to the Ecumenical Temple.
  7553 | D:6      | Found a shimmering blue altar of Sif Muna.
  7563 | D:6      | Reached skill level 5 in Spellcasting
  7662 | D:6      | Reached skill level 8 in Transmutations
  7701 | D:6      | Identified the +10 hunting sling of the Disturbing Lives
                  | {freeze, rPois rF+ rCorr}
  7815 | D:6      | Reached XP level 9. HP: 68/68 MP: 12/16
  8245 | D:6      | Reached skill level 5 in Unarmed Combat
  8637 | D:7      | Reached skill level 9 in Transmutations
  9714 | D:7      | Found a burning altar of Makhleb.
  9714 | D:7      | Noticed a blizzard demon
  9955 | D:1      | Bought a book of Geomancy for 216 gold pieces
  9955 | D:1      | Bought a book of Iron for 432 gold pieces
  9961 | D:1      | Learned a level 5 spell: Blade Hands
 10090 | Temple   | Entered the Ecumenical Temple
 10408 | D:8      | Found Bexel's Weapon Boutique.
 10502 | D:8      | Reached XP level 10. HP: 68/80 MP: 10/19
 10843 | D:8      | Found a glowing golden altar of the Shining One.
 10843 | D:8      | Found a stormy altar of Qazlal.
 10934 | D:8      | Noticed a two-headed ogre
 10940 | D:8      | Killed a two-headed ogre
 10941 | D:8      | Reached skill level 5 in Fighting
 10941 | D:8      | Reached skill level 10 in Transmutations
 11196 | D:9      | Paralysed by a hornet for 2 turns
 11209 | D:9      | HP: 3/81 [poisoned by a kobold brigand (curare-tipped
                  | dart)]
 11210 | D:9      | Succumbed to a kobold brigand's curare-tipped dart

Illustrated notes

Levels and vault maps discovered:
D:1:      ldierk_water_garden, layout_basic, serial_shops, shop_fountains, shop,
          nicolae_shop_stone, nicolae_shop_stone, ebering_ecumenical_altar_webs
D:2:      layout_basic, serial_shops, shop, uniq_robin, uniq_sigmund
D:3:      layout_basic
D:4:      layout_loops_ring
D:5:      layout_basic, mainiacjoe_overflow_chevrons
D:6:      minmay_polygon_palace, layout_rooms, mainiacjoe_overflow_boulevard,
          minmay_temple_entry_butterflies, nicolae_wooded_promenade
D:7:      layout_basic, makhleb_altar_promises_db, the_hattery
D:8:      layout_cave_pools, gammafunk_temple_overflow_wave,
          nicolae_stop_n_shop_2, hangedman_decor_growths
D:9:      layout_cave_pools, marbit_many_paths,
          gammafunk_temple_overflow_statue, dpeg_oklobed_lair
Temple:   oiseaux_autumnal_temple

Skill      XL: |  1  2  3  4  5  6  7  8  9 10 |
---------------+-------------------------------+-----
Transmutations | 3 4 5 7 8 9 10 | 10.2
Poison Magic   | 1 |  1.0
Spellcasting   | 3 4 5 6 |  6.5
Ice Magic      | 2 3 5 |  5.0
Fighting       | 2 4 5 |  5.1
Unarmed Combat | 4 6 7 |  7.5
Dodging        | |  1.7

Action                   |  1- 3 |  4- 6 |  7- 9 | 10-12 || total
-------------------------+-------+-------+-------+-------++-------
Melee: Unarmed           |   102 |   133 |   213 |    37 ||   485
       Tailslap          |     9 |     7 |     3 |     4 ||    23
       Kick              |    11 |     3 |       |       ||    14
       Headbutt          |     4 |     3 |       |       ||     7
       Punch             |     3 |     3 |     2 |     2 ||    10
 Cast: Beastly Appendage |    16 |    12 |       |       ||    28
       Spider Form       |     3 |     9 |     2 |       ||    14
       Ice Form          |       |     5 |    24 |       ||    29
       Blade Hands       |       |       |     1 |     5 ||     6
 Abil: Breathe Acid      |       |       |     1 |     2 ||     3
  Use: Scroll            |     5 |     2 |    10 |     3 ||    20
       Potion            |       |     1 |     1 |     1 ||     3
 Stab: Sleeping          |       |     1 |       |       ||     1
Armor: Skin              |    34 |    30 |    57 |    31 ||   152
Dodge: Dodged            |    87 |    87 |   113 |    67 ||   354

Table legend: (Time is in decaauts)
 A = Elapsed time spent in this place.
 B = Non-inter-level travel time spent in this place.
 C = Inter-level travel time spent in this place.
 D = Time resting spent in this place.
 E = Time spent auto-exploring this place.
 F = Levels seen in this place.
 G = Mean time per level.
                   A        B        C        D        E       F      G
               +--------+--------+--------+--------+--------+-----+--------+
         Total |  11224 |  10273 |    951 |    507 |   8408 |  10 | 1122.4 |
       Dungeon |  10939 |  10020 |    919 |    507 |   8166 |   9 | 1215.4 |
        Temple |    285 |    254 |     31 |      0 |    242 |   1 |  285.0 |
               +--------+--------+--------+--------+--------+-----+--------+

Top non-repeatable levels by time:
     D:4: 2155 daAuts
     D:6: 1647 daAuts
     D:1: 1473 daAuts
     D:2: 1449 daAuts
     D:7: 1281 daAuts
     D:3: 1148 daAuts
     D:5: 1000 daAuts
     D:8: 717 daAuts
  Temple: 285 daAuts
     D:9: 65 daAuts
